 Dungeon Sprint DCSS version 0.17-a0-1411-g06ff558 (webtiles) character file.

996 joy the Unseen (level 7, -12/32 HPs)
             Began as a Spriggan Enchanter on June 23, 2015.
             Killed by an exploding giant spore (22 damage)
             ... in the Dungeon (Sprint I: "Red Sonja").
             The game lasted 00:02:43 (261 turns).

joy the Unseen (Spriggan Enchanter)                  Turns: 261, Time: 00:02:43

Health: -12/32     AC:  3    Str:  4    XL:     7   Next: 99%
Magic:  17/22      EV: 18    Int: 16    God:
Gold:   432        SH:  0    Dex: 19    Spells: 3 memorised, 21 levels left

rFire  . . .     SeeInvis +     a - +1 dagger
rCold  . . .     Clarity  .     b - +1 robe
rNeg   . . .     SustAt   .     (shield restricted)
rPois  .         Gourm    .     (helmet restricted)
rElec  .         Spirit   .     (no cloak)
rCorr  .         Warding  .     (gloves unavailable)
rMut   .         NoTele   +     (boots unavailable)
MR     +....                    (no amulet)
Stlth  +++.......               (no ring)
                                (no ring)

@: confused, very quick, somewhat resistant to hostile enchantments, fairly
stealthy
A: unfitting armour, see invisible, herbivore 3, speed 3, slow metabolism 2
a: no special abilities


You were in the Dungeon.
You were not hungry.

You visited 1 branch You collected 432 gold pieces.

Inventory:

Hand weapons
 a - a +1 dagger (weapon)
 k - a +0 blowgun
 l - a +0 dagger of distortion
Missiles
 m - 4 curare-tipped needles
Armour
 b - a +1 robe (worn)
Scrolls
 j - a scroll of blinking
Potions
 e - 2 potions of curing
 f - a potion of heal wounds
 g - a potion of haste
 h - 2 potions of magic
 i - a potion of berserk rage
Books
 c - a book of Maledictions

   Spells                             Type                      Level
   a - Corona                         Hexes                        1
   b - Ensorcelled Hibernation        Hexes/Ice                    2
   c - Confuse                        Hexes                        3
   d - Tukima's Dance                 Hexes                        3
   e - Dazzling Spray                 Conjuration/Hexes            3
Comestibles
 d - a bread ration


   Skills:
 - Level 7.9 Short Blades
 - Level 3.0 Dodging
 - Level 15.3 Stealth
 * Level 10.6 Spellcasting
 * Level 11.0 Hexes


You had 21 spell levels left.
You knew the following spells:

 Your Spells              Type           Power        Failure   Level  Hunger
a - Corona                Hex            #####..      1%          1    None
b - Ensorcelled Hibernat  Hex/Ice        ####..       1%          2    None
c - Confuse               Hex            #####...     1%          3    None


Dungeon Overview and Level Annotations

Branches:
Dungeon (1/1)

Altars:
Elyvilon
Gozag
Kikubaaqudgha
Makhleb
Nemelex Xobeh
Okawaru
Qazlal
Ru
Sif Muna
Trog
Vehumet
Xom
Yredelemnul
Zin
The Shining One

Shops:
D (


Innate Abilities, Weirdness & Mutations

You are tiny and cannot use many weapons and most armour.
You have supernaturally acute eyesight.
You are a herbivore.
You cover ground extremely quickly.
You need consume almost no food.


Message History

You now have 378 gold pieces (gained 27).
You now have 405 gold pieces (gained 27).
You now have 432 gold pieces (gained 27).
You open the door. 2 giant spores come into view.
Found 91 gold pieces, 2 potions of curing, a spear and 15 sling bullets.
Found 54 gold pieces.
There is an open door here.
The helpless giant spore fails to defend itself.
You stick the giant spore like a pincushion!!!!
The giant spore explodes!
The explosion of spores engulfs you!
You are confused.
Ouch! That really hurt!
The explosion of spores engulfs the giant spore.
The giant spore explodes!
The explosion of spores engulfs you!
You are more confused.
Ouch! That really hurt!
You die...

#..#_..__##'#..+§§§
#⌠⌠#_.∩..†'..._#§§§
####_..._##_.#'# +
#_____###'#.#
#########.### +...+
#...# ##.## #@#
#$!$!$# #$$)($#
#######


There were no monsters in sight!

Vanquished Creatures
  Sonja (D)
  Sigmund (D)
  A yak (D)
  An ogre (D)
  A jelly (D)
  Ijyb (D)
6 creatures vanquished.

Notes
Turn   | Place    | Note
--------------------------------------------------------------
     0 | D        | joy the Spriggan Enchanter began the quest for the Orb.
     0 | D        | Reached XP level 1. HP: 9/9 MP: 5/5
     1 | D        | Noticed Ijyb
    16 | D        | Killed Ijyb
    16 | D        | Reached skill level 8 in Stealth
    16 | D        | Reached XP level 2. HP: 8/13 MP: 4/6
   139 | D        | Learned a level 2 spell: Ensorcelled Hibernation
   140 | D        | Noticed an ogre
   143 | D        | Killed an ogre
   143 | D        | Reached skill level 5 in Short Blades
   143 | D        | Reached skill level 12 in Stealth
   143 | D        | Reached XP level 3. HP: 16/16 MP: 8/8
   143 | D        | Reached XP level 4. HP: 21/21 MP: 9/9
   157 | D        | Learned a level 3 spell: Confuse
   157 | D        | Noticed Sigmund
   160 | D        | Killed Sigmund
   160 | D        | Reached skill level 15 in Stealth
   160 | D        | Reached XP level 5. HP: 24/24 MP: 10/10
   160 | D        | Reached XP level 6. HP: 28/28 MP: 11/11
   172 | D        | Found a deep blue altar of Sif Muna.
   173 | D        | Noticed a jelly
   174 | D        | Found a radiant altar of Vehumet.
   178 | D        | Killed a jelly
   218 | D        | Found Saschese's Weapon Emporium.
   218 | D        | Found a white marble altar of Elyvilon.
   218 | D        | Found a stormy altar of Qazlal.
   218 | D        | Found a burning altar of Makhleb.
   218 | D        | Found a sacrificial altar of Ru.
   218 | D        | Found a basalt altar of Yredelemnul.
   218 | D        | Found a glowing golden altar of the Shining One.
   218 | D        | Found a sparkling altar of Nemelex Xobeh.
   218 | D        | Found a shimmering altar of Xom.
   218 | D        | Found an opulent altar of Gozag.
   218 | D        | Found an ancient bone altar of Kikubaaqudgha.
   218 | D        | Found a glowing silver altar of Zin.
   218 | D        | Noticed a yak
   219 | D        | Found an iron altar of Okawaru.
   220 | D        | Killed a yak
   221 | D        | Found a bloodstained altar of Trog.
   241 | D        | Noticed Sonja
   245 | D        | Killed Sonja
   245 | D        | Reached skill level 10 in Spellcasting
   245 | D        | Reached XP level 7. HP: 32/32 MP: 15/22
   261 | D        | Killed by an exploding giant spore

Vault maps used:
D:        dungeon_sprint_1

Action                   |  1- 3 |  4- 6 |  7- 9 || total
-------------------------+-------+-------+-------++-------
Melee: Dagger            |    13 |     4 |     1 ||    18
 Cast: Corona            |     1 |       |       ||     1
 Stab: Sleeping          |     2 |     4 |     1 ||     7
